 Dungeon Crawl Stone Soup version 0.24.1-4-ge52af88ad5 (webtiles) character file.

Game seed: 9435664888679138766, levelgen mode: deterministic

731 MajorAdolf the Ducker (level 7, 9/62 HPs)
             Began as a Naga Wanderer on Apr 12, 2020.
             Starved to death
             ... on level 7 of the Dungeon.
             The game lasted 00:07:28 (3587 turns).

MajorAdolf the Ducker (Naga Wanderer)               Turns: 3587, Time: 00:07:29

Health: 9/62       AC: 14    Str: 15    XL:     7   Next: 73%
Magic:  7/7        EV:  7    Int: 14    God:
Gold:   144        SH:  0    Dex: 10    Spells: 6/6 levels left

rFire    . . .     SeeInvis +   h - +2 whip (venom)
rCold    . . .     Gourm    .   (no shield)
rNeg     . . .     Faith    .   e - +0 scale mail
rPois    +         Spirit   .   q - +1 helmet
rElec    .         Reflect  .   (no cloak)
rCorr    .         Harm     .   k - +0 pair of gloves
MR       .....                  l - +0 naga barding
Stlth    ..........             (no amulet)
HPRegen  0.20/turn              (no ring)
MPRegen  0.10/turn              (no ring)

@: fainting, very slow
A: large, see invisible, deformed body, poison resistance, slowness 2, slow
metabolism 1, spit poison 1, AC +2
a: Spit Poison


You were on level 7 of the Dungeon.
You were fainting.

You visited 1 branch of the dungeon, and saw 5 of its levels.

You collected 144 gold pieces.

Inventory:

Hand Weapons
 h - a +2 whip of venom (weapon)
Armour
 e - a +0 scale mail (worn)
 k - a +0 pair of gloves (worn)
 l - a +0 naga barding (worn)
 p - a +0 chain mail
 q - a +1 helmet (worn)
Wands
 c - a wand of random effects (3)
 o - a wand of acid (7)
Scrolls
 d - 3 scrolls of identify
 j - a scroll of amnesia
Potions
 a - a potion of curing
 b - a potion of lignification
 g - a potion of heal wounds
 i - a potion of flight
 m - a potion of resistance


   Skills:
 - Level 3.0 Fighting
   Level 2.0 Short Blades
   Level 2.6 Crossbows
 - Level 1.0 Throwing
 - Level 4.3 Armour
 + Level 5.0 Dodging
 - Level 1.0 Evocations


You had 6 spell levels left.
You didn't know any spells.
Your spell library was empty.

Dungeon Overview and Level Annotations

Branches:
Dungeon (4/15)
 Temple: D:4-7

Altars:
Nemelex Xobeh
Trog
Vehumet


Innate Abilities, Weirdness & Mutations

You cannot wear boots.
Your serpentine skin is tough. (AC +2)
You have supernaturally acute eyesight. (SInv)
Armour fits poorly on your strangely shaped body.
Your system is resistant to poisons. (rPois)
You cover ground very slowly.
You have a slow metabolism.
You can spit poison.


Message History

The hungry ghost hits you.
You feel slightly more hungry.
You barely miss the hungry ghost.
The hungry ghost is moderately damaged.
The hungry ghost hits you.
You feel slightly more hungry.
You closely miss the hungry ghost.
The hungry ghost is moderately damaged.
The hungry ghost hits you.
You feel slightly more hungry.
You closely miss the hungry ghost.
The hungry ghost is moderately damaged.
The hungry ghost hits you.
* * * LOW HITPOINT WARNING * * *
You feel slightly more hungry. The hungry ghost barely misses you.
You closely miss the hungry ghost.
The hungry ghost is moderately damaged.
The hungry ghost hits you.
* * * LOW HITPOINT WARNING * * *
You barely miss the hungry ghost.
The hungry ghost is moderately damaged.
You have starved to death.
You die...

.. ##'# ....
.....#######
.....#.....#
...........+
#W.?..#####
##
#@........#
###.
#......##.#
##...
#......#
....
#......#
#...
######.#
#... #.#
.#####...
#.#
.........
#.# ######.#
#..%...# #.#


You could see a hungry ghost.

Vanquished Creatures
  A hungry ghost (D:7)
  Edmund (D:3)
  2 ice beasts (D:7)
  2 bullfrogs
  A worker ant (D:3)
  A hound zombie (D:7)
  Robin (D:4)
  5 adders
  An ooze (D:2)
  A worm (D:3)
  3 dart slugs (D:1)
  2 leopard geckos
  10 bats
  3 giant cockroaches (D:2)
  14 goblins
  7 hobgoblins
  3 jackals (D:3)
  4 quokkas
  2 ball pythons
  5 frilled lizards
  A jackal skeleton (D:4)
  5 kobolds
  11 rats
86 creatures vanquished.

Notes
Turn   | Place    | Note
-------+----------+-------------------------------------------
     0 | D:1      | MajorAdolf the Naga Wanderer began the quest for the Orb.
     0 | D:1      | MajorAdolf set off with the following items: a +2 short
                  | sword, a potion of lignification, a wand of random effects
                  | (15), a +0 robe, a ration
     0 | D:1      | Reached XP level 1. HP: 21/21 MP: 1/1
   364 | D:1      | Reached skill level 1 in Armour
   486 | D:1      | Reached XP level 2. HP: 27/28 MP: 2/2
  1059 | D:1      | Reached XP level 3. HP: 34/34 MP: 3/3
  1429 | D:2      | Found a sparkling altar of Nemelex Xobeh.
  1618 | D:2      | Reached XP level 4. HP: 37/42 MP: 4/4
  1700 | D:2      | Noticed a bullfrog
  1708 | D:2      | Killed a bullfrog
  1708 | D:2      | Reached XP level 5. HP: 39/49 MP: 5/5
  1880 | D:2      | Found a radiant altar of Vehumet.
  2010 | D:3      | Found a faded altar of an unknown god.
  2504 | D:4      | Noticed Robin
  2507 | D:4      | Noticed Edmund
  2651 | D:3      | Reached skill level 1 in Dodging
  3059 | D:2      | Found a bloodstained altar of Trog.
  3097 | D:3      | Killed Edmund
  3097 | D:3      | Reached skill level 2 in Dodging
  3097 | D:3      | Reached XP level 6. HP: 42/56 MP: 6/6
  3196 | D:4      | Killed Robin
  3244 | D:4      | You fall into a shaft and drop 3 floors!
  3245 | D:7      | Noticed a hungry ghost
  3470 | D:7      | Reached skill level 3 in Dodging
  3478 | D:7      | Noticed a hungry ghost
  3499 | D:7      | Noticed an ice beast
  3515 | D:7      | Killed an ice beast
  3515 | D:7      | Reached XP level 7. HP: 27/62 MP: 7/7
  3542 | D:7      | Reached skill level 4 in Dodging
  3561 | D:7      | Killed a hungry ghost
  3561 | D:7      | Reached skill level 5 in Dodging
  3587 | D:7      | Starved to death

Levels and vault maps discovered:
D:1:      lightli_arrival_noodles, layout_rooms, serial_forest,
          infiniplex_forest_end_3, infiniplex_forest_lined_1,
          infiniplex_forest_lined_3_way, infiniplex_forest_clump_long,
          infiniplex_forest_lined_ring, infiniplex_forest_clump_medium,
          infiniplex_forest_lined_room_
D:2:      lemuel_upstairs_altar, layout_loops_corners,
          nemelex_xobeh_ov_fountains_minmay, nicolae_overflow_hidden_temple,
          grunt_ministairs_1
D:3:      layout_rooms, chequers_ecumenical_altar_simple_redux
D:4:      layout_gridville, nicolae_overflow_crystal_walls, first_ration,
          uniq_eustachio, uniq_edmund, uniq_robin
D:7:      layout_basic, marbit_many_paths, minmay_temple_entry_fiery,
          serial_shops, nicolae_shop_statue_plus

Skill      XL: |  1  2  3  4  5  6  7 |
---------------+----------------------+-----
Armour         | 1 2 3 4 |  4.3
Dodging        | 2 3 5 |  5.0
Fighting       | |  3.0
Short Blades   | |  2.0
Crossbows      | |  2.6
Throwing       | |  1.0
Evocations     | |  1.0

Action                   |  1- 3 |  4- 6 |  7- 9 || total
-------------------------+-------+-------+-------++-------
Melee: Short sword       |    19 |       |       ||    19
       Whip              |    94 |   191 |    64 ||   349
 Abil: Spit Poison       |     1 |       |       ||     1
Evoke: Wand              |       |    12 |       ||    12
  Use: Scroll            |       |    12 |     1 ||    13
       Potion            |       |       |     1 ||     1
  Eat: Chunk             |     1 |     8 |       ||     9
       Ration            |       |     3 |     5 ||     8
Armor: Scale mail        |    73 |   223 |    41 ||   337
       Robe              |     1 |       |       ||     1
       Skin              |       |       |    35 ||    35
Dodge: Dodged            |    32 |    80 |    14 ||   126
